 Dungeon Crawl Stone Soup version 0.26-b1-32-g5d43845318 (webtiles) character file.

Game seed: 4298554592683002201

373 Borgoz the Cudgeller (level 6, -1/58 HPs)
             Began as a Gargoyle Berserker on Jan 11, 2021.
             Was a Believer of Trog.
             Slain by a troll (10 damage)
             ... on level 4 of the Dungeon.
             The game lasted 00:03:40 (3569 turns).

Borgoz the Cudgeller (Gargoyle Berserker)           Turns: 3569, Time: 00:03:41

Health: -1/58      AC: 23    Str: 21    XL:     6   Next: 71%
Magic:  6/6        EV: 11    Int:  7    God:    Trog [**....]
Gold:   151        SH:  0    Dex: 11    Spells: 5/5 levels left

rFire    . . .     SeeInvis .   x - +0 flail (protect)
rCold    . . .     Faith    .   (no shield)
rNeg     + . .     Spirit   .   q - +0 scale mail
rPois    ∞         Reflect  .   r - +0 helmet
rElec    +         Harm     .   u - +2 cloak {rCorr}
rCorr    +         Rampage  .   (no gloves)
Will     .....                  n - +0 pair of boots
Stlth    ..........             (no amulet)
HPRegen  0.19/turn              f - ring of resist corrosion
MPRegen  0.10/turn              (no ring)

@: berserking (expiring), protection aura, very quick
A: negative energy resistance 1, electricity resistance, unbreathing,
petrification resistance, miasma immunity, AC +4
a: Renounce Religion, Berserk, Trog's Hand


You were on level 4 of the Dungeon.
You worshipped Trog.
Trog was pleased with you.
You visited 1 branch of the dungeon, and saw 4 of its levels.

You collected 151 gold pieces.

Inventory:

Hand Weapons
 x - a +0 flail of protection (weapon)
Armour
 n - a +0 pair of boots (worn)
 q - a +0 scale mail (worn)
 r - a +0 helmet (worn)
 u - a +2 cloak of preservation (worn)
Jewellery
 f - a ring of resist corrosion (left hand)
Scrolls
 a - a scroll of fear {unknown}
 e - 2 scrolls of teleportation {unknown}
 g - a scroll of enchant weapon {unknown}
 i - 2 scrolls of blinking {unknown}
 j - 6 scrolls of identify {unknown}
 k - 2 scrolls of immolation {unknown}
 l - a scroll of fog {unknown}
 m - a scroll of remove curse {unknown}
 o - a scroll of magic mapping {unknown}
 p - a scroll of enchant armour {unknown}
 v - a scroll of noise {unknown}
Potions
 b - a potion of attraction {unknown}
 d - 2 potions of heal wounds {unknown}
 h - a potion of flight {unknown}
 s - a potion of curing {unknown}
 t - a potion of ambrosia {unknown}
 w - a potion of brilliance {unknown}


   Skills:
 + Level 4.6 Fighting
 * Level 5.1 Maces & Flails
 + Level 3.8 Armour
 + Level 2.8 Dodging


You had 5 spell levels left.
You didn't know any spells.
Your spell library was empty.

Dungeon Overview and Level Annotations

Branches:
Dungeon (4/15)
 Temple: D:4-7

Altars:
Trog
Yredelemnul


Innate Abilities, Weirdness & Mutations

You are resistant to torment.
Your stone body is resilient. (AC +4)
You are immune to poison.
You resist negative energy. (rN+)
You are resistant to electric shocks. (rElec)
You can survive without breathing.
You are immune to petrification.
You are immune to miasma.


Message History

Your scale mail prevents you from hitting the troll.
The troll is heavily wounded.
The troll barely misses you. The troll misses you. The troll claws you.
* * * LOW HITPOINT WARNING * * *
You hit the troll but do no damage.
The troll is moderately wounded.
You barely miss the troll.
The troll is moderately wounded.
The troll barely misses you.
The troll claws you but does no damage. x2
You closely miss the troll.
The troll is moderately wounded.
The troll bites you but does no damage. The troll claws you but does no damage.
The troll claws you.
* * * LOW HITPOINT WARNING * * *
You hit the troll.
The troll is heavily wounded.
You barely miss the troll.
The troll is heavily wounded.
The troll bites you!
You die...

...####.###.#
.. ##.##.# #
#.##.## #.
##....#
#..######..###
...........#
..#....###.#
###.?# ## #[@#
#..T.# #...#.#
...## #. ..#.#
.# . #. .# # #


You could see a troll.

Vanquished Creatures
  Purgy (D:3)
  Crazy Yiuf (D:2)
  Jessica (D:2)
  Natasha (thrice) (D:3)
  Terence (D:3)
  3 adders
  An ooze (D:3)
  2 worms
  4 dart slugs
  4 leopard geckos
  An orc (D:3)
  3 ball pythons
  4 bats
  3 giant cockroaches
  4 goblins
  7 hobgoblins
  5 kobolds
  A quokka (D:2)
  4 frilled lizards
  27 rats
80 creatures vanquished.

Notes
Turn   | Place    | Note
-------+----------+-------------------------------------------
     0 | D:1      | Borgoz the Gargoyle Berserker began the quest for the Orb.
     0 | D:1      | Reached XP level 1. HP: 14/14 MP: 1/1
    41 | D:1      | Reached XP level 2. HP: 13/19 MP: 2/2
   771 | D:1      | Reached XP level 3. HP: 23/23 MP: 3/3
  1360 | D:2      | Noticed Jessica
  1369 | D:2      | Killed Jessica
  1370 | D:2      | Reached XP level 4. HP: 23/29 MP: 4/4
  1504 | D:2      | Reached ** piety under Trog
  1507 | D:2      | Reached skill level 4 in Maces & Flails
  1817 | D:2      | You fall into a shaft and drop 1 floor!
  1896 | D:3      | Reached XP level 5. HP: 27/33 MP: 5/5
  1998 | D:3      | Found a bloodstained altar of Trog.
  2037 | D:3      | Noticed Purgy
  2047 | D:3      | Killed Purgy
  2101 | D:2      | Found a basalt altar of Yredelemnul.
  2248 | D:2      | Found a runed translucent door.
  2249 | D:2      | Noticed Crazy Yiuf
  2625 | D:2      | Killed Crazy Yiuf
  2626 | D:2      | Reached XP level 6. HP: 39/39 MP: 6/6
  2716 | D:3      | Noticed Terence
  2734 | D:3      | Killed Terence
  2923 | D:3      | Noticed Natasha
  2944 | D:3      | Killed Natasha
  3036 | D:3      | Reached skill level 5 in Maces & Flails
  3166 | D:3      | Noticed Natasha
  3175 | D:3      | Killed Natasha
  3308 | D:3      | Noticed Natasha
  3316 | D:3      | Killed Natasha
  3549 | D:4      | Noticed a troll
  3569 | D:4      | Slain by a troll

Illustrated notes

Levels and vault maps discovered:
D:1:      minmay_arrival_jagged, layout_rooms, interstate_on_off
D:2:      layout_loops_corners, lemuel_crystal_altar, minmay_rat_hole,
          uniq_jessica, uniq_crazy_yiuf_cottage
D:3:      layout_loops_ring, overflow_temple_1_default, uniq_purgy,
          uniq_terence, uniq_natasha
D:4:      layout_layer_cave, nicolae_dithmenos_through_a_glass_darkly,
          temple_fountains, serial_shops, shop, kennysheep_mini,
          nicolae_shop_stone, shop_statue, amcnicky_mini_rare_corridor_liquid,
          minmay_shop_damaged, nicolae_ru_the_path_less_chosen

Skill      XL: |  1  2  3  4  5  6 |
---------------+-------------------+-----
Dodging        | 2 |  2.8
Armour         | 3 |  3.8
Maces & Flails | 4 5 |  5.1
Fighting       | 4 |  4.6

Action                   |  1- 3 |  4- 6 || total
-------------------------+-------+-------++-------
Melee: Mace              |   105 |   170 ||   275
       Flail             |       |    17 ||    17
       Unarmed           |       |     3 ||     3
Invok: Berserk           |     3 |     4 ||     7
Armor: Animal skin       |    36 |    54 ||    90
       Skin              |       |     2 ||     2
       Scale mail        |       |    79 ||    79
Dodge: Dodged            |    83 |   160 ||   243
